 Dungeon Crawl Stone Soup version 0.29.1-12-g30fa7ad0bf (webtiles) character file.

Game seed: 8728566491078849369

1143 styxcanada the Covert (level 8, -4/39 HPs)
             Began as a Spriggan Brigand on Dec 29, 2022.
             Killed by nerve-wracking pain
             ... invoked by Menkaure
              (13 damage)
             ... on level 6 of the Dungeon.
             The game lasted 00:22:24 (6268 turns).

styxcanada the Covert (Spriggan Brigand)            Turns: 6268, Time: 00:22:24

Health: -4/39      AC:  3    Str:  7    XL:     8   Next: 15%
Magic:  13/13      EV: 19    Int: 12    God:
Gold:   420        SH:  0    Dex: 19    Spells: 11/13 levels left

rFire   . . .      SeeInvis +   a - +3 dagger (freeze)
rCold   . . .      Faith    .   (no shield)
rNeg    . . .      Spirit   .   p - +0 robe {Will+}
rPois   .          Reflect  .   (helmet restricted)
rElec   .          Harm     .   c - +0 cloak
rCorr   .          Rampage  .   (gloves unavailable)
Will    ++...                   (boots unavailable)
Stlth   +++++.....              (no amulet)
HPRegen 0.13/turn               (no ring)
MPRegen 0.13/turn               (no ring)

@: very quick
A: very small, no large weapons, unfitting armour, see invisible, speed 3
a: no special abilities


You were on level 6 of the Dungeon.
You visited 1 branch of the dungeon, and saw 6 of its levels.

You collected 420 gold pieces.

Inventory:

Hand Weapons
 a - a +3 dagger of freezing (weapon)
 g - a +0 sling
Missiles
 d - 7 poisoned darts (quivered)
 e - 3 curare-tipped darts
Armour
 c - a +0 cloak (worn)
 p - a +0 robe of willpower (worn)
Jewellery
 u - a ring of resist corrosion
Wands
 k - a wand of roots (7)
 v - a wand of digging (7)
 x - a wand of charming (14)
Scrolls
 l - 2 scrolls of teleportation
 t - 2 scrolls of poison
 y - a scroll of noise {unknown}
Potions
 b - 4 potions of curing
 f - a potion of invisibility
 h - a potion of cancellation
 i - a potion of mutation
 j - a potion of lignification
 m - a potion of berserk rage
 n - a potion of resistance
 o - a potion of flight {unknown}
 q - 2 potions of brilliance {unknown}
 r - a potion of heal wounds {unknown}
 s - a potion of haste {unknown}
 w - a potion of attraction {unknown}


   Skills:
 * Level 2.8 Fighting
 + Level 3.7 Short Blades
 + Level 3.8 Throwing
 * Level 3.8 Dodging
 * Level 10.7 Stealth
 * Level 3.2 Spellcasting
 * Level 2.0 Hexes
 * Level 1.3 Ice Magic
 * Level 2.5 Evocations


You had 11 spell levels left.
You knew the following spells:

 Your Spells              Type           Power      Damage    Failure   Level
a - Ensorcelled Hibernat  Hex/Ice        12%        N/A       19%         2

Your spell library contained the following spells:

 Spells                   Type           Power      Damage    Failure   Level
 Slow                     Hex            24%        N/A       11%         1
 Beastly Appendage        Tmut           2%         N/A       24%         1
 Foxfire                  Conj/Fire      4%         2x1d4     24%         1
 Confusing Touch          Hex            6%         N/A       30%         3
 Wereblood                Tmut           1%         N/A       36%         2
 Inner Flame              Hex/Fire       4%         N/A       43%         3
 Conjure Flame            Conj/Fire      1%         6-21      58%         3
 Spider Form              Tmut/Pois      1%         N/A       58%         3
 Vampiric Draining        Necr           1%         2d6       58%         3
 Anguish                  Hex/Necr       2%         N/A       83%         4
 Flame Wave               Conj/Fire      1%         2d4       94%         4
 Blade Hands              Tmut           0%         N/A       100%        5
 Irradiate                Conj/Tmut      0%         3d11      100%        5
 Dragon Form              Tmut           0%         N/A       100%        7


Dungeon Overview and Level Annotations

Branches:
Dungeon (6/15)
 Temple: D:4-7

Altars:
Makhleb
Ru
Trog

Annotations:
D:6 Edmund, Menkaure


Innate Abilities, Weirdness & Mutations

You are very small and have problems with some larger weapons.
You are too small for most types of armour.
You have supernaturally acute eyesight. (SInv)
You cover ground extremely quickly. (Speed+++)


Message History

The white imp gestures at you. The puff of frost misses you.
Menkaure shouts!
You hit the white imp but do no damage. You hit the white imp.
The white imp is lightly wounded.
The white imp closely misses you.
You hit the white imp but do no damage.
The white imp is lightly wounded.
The white imp closely misses you.
You barely miss the white imp.
The white imp is lightly wounded.
The white imp hits you. The white imp freezes you.
You barely miss the white imp.
You punch the white imp, but do no damage.
The white imp is lightly wounded.
The white imp shouts, "Remove thy stench, thou rough-hewn unchin-snouted feeblet!"
The white imp closely misses you.
Menkaure calls on the powers of darkness!
Your body is wracked with pain!
Aiming: Fastroot
Press: ? - help, Shift-Dir - straight line The roots erupt in riotous growth!
Roots grab the white imp.
Roots grab Menkaure.
The grasping roots constrict Menkaure!
The grasping roots constrict the white imp!
The white imp gestures at you. The puff of frost hits you!
* * * LOW HITPOINT WARNING * * *
Menkaure struggles to escape constriction.
Aiming: Fastroot
Press: ? - help, Shift-Dir - straight line The roots erupt in riotous growth!
The white imp is unaffected.
Menkaure is unaffected.
The grasping roots constrict Menkaure!
The grasping roots constrict the white imp.
You kill the white imp!
Menkaure escapes!
Menkaure casts a spell at you. Pain shoots through your body!
You die...

............#.........
....##.....##...###..
##.###........#.##
##.............#..#
#....##............
.#.....###.........#
...#...#......#..##
.## ..#......##..# #
....#.###@...# .##
....#.# #...## ..
#$.....###...# .##
.............# .#
..........M..# .#
..##.......#.....
#..#...###....
#.....## .#.. #..#?..#
# .


You could see Menkaure.

Vanquished Creatures
  A water moccasin (D:5)
  A black bear (D:4)
  A centaur (D:4)
  2 ogres (D:5)
  Blork the orc (D:6)
  A scorpion (D:4)
  4 hounds
  An orc priest (D:4)
  An iron imp (D:5)
  2 iguanas
  Jessica (D:2)
  2 orc wizards (D:5)
  Robin (D:2)
  4 gnolls (D:4)
  8 adders
  A white imp (D:6)
  An ufetubus (D:5)
  3 worms
  A dart slug (D:1)
  13 orcs
  10 ball pythons
  11 endoplasms
  6 giant cockroaches
  14 goblins
  10 hobgoblins
  5 jackals
  4 quokkas
  8 bats
  6 frilled lizards
  12 kobolds
  5 rats
141 creatures vanquished.

Notes
Turn   | Place    | Note
-------+----------+-------------------------------------------
     0 | D:1      | styxcanada the Spriggan Brigand began the quest for the
                  | Orb.
     0 | D:1      | Reached XP level 1. HP: 10/10 MP: 2/2
    77 | D:1      | Reached skill level 6 in Stealth
   255 | D:1      | Reached XP level 2. HP: 14/14 MP: 3/3
  1096 | D:1      | Reached skill level 7 in Stealth
  1179 | D:1      | Found a faded altar of an unknown god.
  1194 | D:1      | Reached XP level 3. HP: 16/18 MP: 4/4
  1759 | D:2      | Noticed Robin
  1790 | D:2      | Reached XP level 4. HP: 12/23 MP: 5/5
  1808 | D:2      | Killed Robin
  1960 | D:2      | Reached skill level 8 in Stealth
  2182 | D:2      | Noticed Jessica
  2187 | D:2      | Killed Jessica
  2188 | D:2      | Reached skill level 1 in Spellcasting
  2198 | D:2      | Reached XP level 5. HP: 21/26 MP: 7/7
  2856 | D:3      | Found a bloodstained altar of Trog.
  3872 | D:4      | Noticed a centaur
  3885 | D:4      | Reached XP level 6. HP: 30/30 MP: 7/9
  3897 | D:4      | Reached skill level 9 in Stealth
  4220 | D:4      | Learned a level 2 spell: Ensorcelled Hibernation
  4331 | D:4      | Reached skill level 1 in Evocations
  4580 | D:4      | Reached XP level 7. HP: 35/35 MP: 11/11
  5001 | D:5      | Entered Level 5 of the Dungeon
  5057 | D:5      | Reached skill level 10 in Stealth
  5057 | D:5      | Reached skill level 1 in Hexes
  5134 | D:5      | Reached skill level 1 in Ice Magic
  5902 | D:5      | Reached XP level 8. HP: 35/39 MP: 13/13
  6098 | D:5      | Found a sacrificial altar of Ru.
  6122 | D:5      | Found a burning altar of Makhleb.
  6185 | D:6      | Noticed Blork the orc
  6188 | D:6      | Killed Blork the orc
  6235 | D:6      | Noticed Edmund
  6252 | D:6      | Noticed Menkaure
  6268 | D:6      | Killed from afar by Menkaure

Illustrated notes

Levels and vault maps discovered:
D:1:      dpeg_arrival_round_a, layout_basic,
          hellmonk_ecumenical_altar_prayer_group
D:2:      layout_loops_ring, uniq_robin, uniq_jessica
D:3:      layout_loops_ring, old_standard_altar, grunt_decor_one_mirror,
          chequers_serial_rivers_small_3, nrook_mini_backslash,
          kennysheep_generic_room_14
D:4:      black_bear_nest_2, layout_cave_pools, nicolae_underground_beach
D:5:      layout_loops_ring, makhleb_grotto_becter, mainiacjoe_overflow_alcove_1
D:6:      layout_cave_pools, uniq_edmund, uniq_menkaure, uniq_blork_the_orc,
          uniq_maggie, uniq_crazy_yiuf_cottage

Skill      XL: |  1  2  3  4  5  6  7  8 |
---------------+-------------------------+-----
Stealth        | 6 7 8 9 10 | 10.7
Dodging        | 2 3 |  3.8
Fighting       | 2 |  2.8
Spellcasting   | 1 2 3 |  3.2
Throwing       | 3 |  3.8
Short Blades   | 3 |  3.7
Evocations     | 1 2 |  2.5
Hexes          | 1 2 |  2.0
Ice Magic      | 1 |  1.3

Action                   |  1- 3 |  4- 6 |  7- 9 || total
-------------------------+-------+-------+-------++-------
Melee: Dagger            |    92 |   125 |    90 ||   307
       Punch             |       |     2 |     1 ||     3
 Fire: Sling             |       |     1 |       ||     1
Throw: Dart              |    10 |    33 |    34 ||    77
Evoke: Wand              |       |     2 |     2 ||     4
  Use: Scroll            |     4 |    10 |     1 ||    15
       Potion            |       |     1 |       ||     1
 Stab: Sleeping          |    10 |    16 |     5 ||    31
       Distracted        |       |     1 |       ||     1
       Invisible         |       |     2 |       ||     2
Armor: Robe              |    16 |    13 |     3 ||    32
Dodge: Dodged            |    71 |    62 |    56 ||   189
